 Dungeon Crawl Stone Soup version 0.27-a0-1202-ge72e49191c (webtiles) character file.

Game seed: 7109259702210303414

105 mordus the Firebug (level 4, -1/33 HPs)
             Began as a Draconian Fire Elementalist on June 4, 2021.
             Slain by Crazy Yiuf
             ... wielding a +3 quarterstaff of chaos
              (12 damage)
             ... on level 2 of the Dungeon.
             The game lasted 00:07:11 (2166 turns).

mordus the Firebug (Draconian Fire Elementalist)    Turns: 2166, Time: 00:07:12

Health: -1/33      AC:  5    Str: 17    XL:     4   Next: 54%
Magic:  3/8        EV: 12    Int: 16    God:
Gold:   57         SH:  0    Dex: 11    Spells: 8/9 levels left

rFire    . . .     SeeInvis .   c - +0 dagger
rCold    . . .     Faith    .   (no shield)
rNeg     . . .     Spirit   .   (armour unavailable)
rPois    .         Reflect  .   (helmet restricted)
rElec    .         Harm     .   (no cloak)
rCorr    +         Rampage  .   (no gloves)
Will     .....                  (no boots)
Stlth    ++........             (no amulet)
HPRegen  0.11/turn              f - ring of resist corrosion
MPRegen  0.11/turn              h - +6 ring of strength

@: no status effects
A: AC +5, unfitting armour, cold-blooded
a: no special abilities


You were on level 2 of the Dungeon.
You visited 1 branch of the dungeon, and saw 2 of its levels.

You collected 57 gold pieces.

Inventory:

Hand Weapons
 c - a +0 dagger (weapon)
Jewellery
 f - a ring of resist corrosion (left hand)
 h - a +6 ring of strength (right hand)
Scrolls
 a - 2 scrolls of magic mapping {unknown}
 b - a scroll of teleportation {unknown}
 d - 3 scrolls of identify {unknown}
 e - a scroll of fog {unknown}
Potions
 g - 2 potions of curing {unknown}
 i - a potion of flight {unknown}


   Skills:
 - Level 1.7 Dodging
 - Level 1.7 Stealth
 + Level 3.0 Spellcasting
 - Level 1.0 Conjurations
 * Level 4.7 Fire Magic


You had 8 spell levels left.
You knew the following spells:

 Your Spells              Type           Power      Damage    Failure   Level
a - Foxfire               Conj/Fire      44%        2x1d6     6%          1

Your spell library contained the following spells:

 Spells                   Type           Power      Damage    Failure   Level
 Conjure Flame            Conj/Fire      11%        6-21      17%         3
 Animate Skeleton         Necr           4%         N/A       19%         1
 Apportation              Tloc           4%         N/A       19%         1
 Corona                   Hex            2%         N/A       19%         1
 Summon Small Mammal      Summ           8%         N/A       19%         1
 Inner Flame              Hex/Fire       10%        N/A       22%         3
 Sticky Flame             Conj/Fire      11%        2d3       50%         4
 Fireball                 Conj/Fire      5%         3d5       85%         5


Dungeon Overview and Level Annotations

Branches:
Dungeon (2/15)

Altars:

Annotations:
D:2 Crazy Yiuf


Innate Abilities, Weirdness & Mutations

Your plain brown scales are hard. (AC +5)
You cannot fit into any form of body armour.
You are cold-blooded and may be slowed by cold attacks.


Message History

Confirm with . or Enter, or press ? or * to list all spells.
You conjure some foxfire!
The foxfire hits Crazy Yiuf but does no damage.
Crazy Yiuf is lightly wounded.
The foxfire hits Crazy Yiuf but does no damage.
Crazy Yiuf is lightly wounded.
Casting: Foxfire (safe; 6% risk of failure)
Confirm with . or Enter, or press ? or * to list all spells.
You conjure some foxfire!
Crazy Yiuf closely misses you.
Your foxfire dissipates!
The foxfire hits Crazy Yiuf.
Crazy Yiuf resists.
Crazy Yiuf is lightly wounded.
Crazy Yiuf laughs, "Snower high sallow!"
Casting: Foxfire (safe; 6% risk of failure)
Confirm with . or Enter, or press ? or * to list all spells.
You conjure some foxfire!
Crazy Yiuf hits you with a +3 quarterstaff of chaos!
Crazy Yiuf burns you.
The foxfire hits Crazy Yiuf.
Crazy Yiuf resists.
Crazy Yiuf is lightly wounded.
The foxfire hits Crazy Yiuf.
Crazy Yiuf resists.
Crazy Yiuf is moderately wounded.
Crazy Yiuf says, "Blight!"
Casting: Foxfire (safe; 6% risk of failure)
Confirm with . or Enter, or press ? or * to list all spells.
You conjure some foxfire!
Crazy Yiuf barely misses you.
You hit Crazy Yiuf. You tail-slap Crazy Yiuf.
Crazy Yiuf is severely wounded.
The foxfire hits Crazy Yiuf.
Crazy Yiuf completely resists.
Crazy Yiuf is severely wounded.
The foxfire hits Crazy Yiuf.
Crazy Yiuf resists.
Crazy Yiuf is severely wounded.
Crazy Yiuf laughs, "Castle song green!"
Crazy Yiuf hits you with a +3 quarterstaff of chaos.
Crazy Yiuf burns you.
Casting: Foxfire (safe; 6% risk of failure)
Confirm with . or Enter, or press ? or * to list all spells.
You conjure some foxfire!
Crazy Yiuf hits you with a +3 quarterstaff of chaos!
You die...

...##......... ###.#
#..........### #.#
#..##.#.....# #.#
...##........# #.#
............... #.#
###################.#
# #....# #
♣♣♣♣♣##.#### # ###
♣♣♣.♣...g@v# #
#..)#♣g.♣......v# #
#...'.♣♣♣♣......# #
#)..#♣♣ ♣♣....## #
### ♣♣#### # # ##
.##############


You could see Crazy Yiuf (resistant, ally target).

Vanquished Creatures
  Jessica (D:2)
  2 adders (D:2)
  2 worms (D:2)
  4 dart slugs
  4 endoplasms
  2 giant cockroaches (D:1)
  5 goblins
  5 hobgoblins
  4 kobolds
  3 quokkas
  2 ball pythons
  7 bats
  3 frilled lizards (D:2)
  5 rats
49 creatures vanquished.

Vanquished Creatures (others)
  123 foxfires
123 creatures vanquished.

Grand Total: 172 creatures vanquished

Notes
Turn   | Place    | Note
-------+----------+-------------------------------------------
     0 | D:1      | mordus the Draconian Fire Elementalist began the quest for
                  | the Orb.
     0 | D:1      | Reached XP level 1. HP: 14/14 MP: 3/3
   199 | D:1      | Reached XP level 2. HP: 20/20 MP: 3/5
   719 | D:1      | Reached XP level 3. HP: 26/26 MP: 3/6
   910 | D:1      | Found a faded altar of an unknown god.
  1028 | D:2      | Noticed Jessica
  1036 | D:2      | Killed Jessica
  1037 | D:2      | Reached skill level 4 in Fire Magic
  1273 | D:2      | Reached XP level 4. HP: 33/33 MP: 5/8
  2146 | D:2      | Found a runed translucent door.
  2147 | D:2      | Noticed Crazy Yiuf
  2166 | D:2      | Slain by Crazy Yiuf

Illustrated notes

Levels and vault maps discovered:
D:1:      evilmike_arrival_plus, layout_loops_ring,
          hellmonk_ecumenical_altar_prayer_group
D:2:      layout_loops_ring, uniq_crazy_yiuf_cottage, uniq_jessica

Skill      XL: |  1  2  3  4 |
---------------+-------------+-----
Fire Magic     | 4 |  4.7
Spellcasting   | 3 |  3.0
Dodging        | |  1.7
Stealth        | |  1.7
Conjurations   | |  1.0

Action                   |  1- 3 |  4- 6 || total
-------------------------+-------+-------++-------
Melee: Unarmed           |     5 |       ||     5
       Dagger            |    27 |    24 ||    51
       Tailslap          |     1 |     3 ||     4
 Cast: Foxfire           |    43 |    28 ||    71
 Stab: Sleeping          |     1 |       ||     1
Armor: Skin              |    16 |     7 ||    23
Dodge: Dodged            |    27 |    20 ||    47

Table legend: (Time is in decaauts)
 A = Elapsed time spent in this place.
 B = Non-inter-level travel time spent in this place.
 C = Inter-level travel time spent in this place.
 D = Time resting spent in this place.
 E = Time spent auto-exploring this place.
 F = Levels seen in this place.
 G = Mean time per level.
                   A        B        C        D        E       F      G
               +--------+--------+--------+--------+--------+-----+--------+
         Total |   2164 |   2129 |     35 |    100 |   1632 |   2 | 1082.0 |
       Dungeon |   2164 |   2129 |     35 |    100 |   1632 |   2 | 1082.0 |
               +--------+--------+--------+--------+--------+-----+--------+

Top non-repeatable levels by time:
     D:2: 1179 daAuts
     D:1: 985 daAuts
